 Dungeon Crawl Stone Soup version 0.25-a0-426-g7d9e569eea (webtiles) character file.

Game seed: 4678374147592335023, levelgen mode: deterministic

10175 Nattfarinn the Nimble (level 11, -9/68 HPs)
             Began as a Vampire Enchanter on Jan 24, 2020.
             Was an Initiate of Gozag.
             Mangled by a yak (10 damage)
             ... on level 10 of the Dungeon on Jan 25, 2020.
             The game lasted 00:38:38 (11865 turns).

Nattfarinn the Nimble (Vampire Enchanter)          Turns: 11865, Time: 00:38:39

Health: -9/68      AC:  8    Str:  7    XL:     11   Next: 32%
Magic:  18/18      EV: 23    Int: 22    God:    Gozag
Gold:   635        SH:  0    Dex: 19    Spells: 10/19 levels left

rFire    + + +     SeeInvis +   K - +10 rapier of the Jolly Lies {venom, *Corrode rC+ MR+ Int+2}
rCold    + + +     Gourm    .   (no shield)
rNeg     + + +     Faith    .   h - +2 robe of Koubben {rF+++}
rPois    ∞         Spirit   .   (no helmet)
rElec    .         Reflect  .   i - scarf {cloud immunity}
rCorr    .         Harm     .   s - +2 pair of gloves
MR       ++...                  A - +0 pair of boots
Stlth    +++++++...             v - amulet of magic regeneration
HPRegen  0.00/turn              r - +3 ring of dexterity
MPRegen  0.41/turn              k - ring of stealth

@: gold aura, bloodless
A: no food, fangs 3, see invisible, unbreathing
a: Bat Form, Revivify, Potion Petition, Call Merchant, Bribe Branch, Renounce
Religion


You were on level 10 of the Dungeon.
You worshipped Gozag.
Gozag was pleased with you.
You were bloodless.

You visited 3 branches of the dungeon, and saw 12 of its levels.

You collected 2031 gold pieces.
You spent 876 gold pieces at shops.
You paid 520 gold pieces to Gozag.

Inventory:

Hand Weapons
 a - a +1 dagger
 n - a +5 dagger of speed
 K - the +10 rapier of the Jolly Lies (weapon) {venom, *Corrode rC+ MR+ Int+2}
   (You bought it in a shop on level 8 of the Dungeon)

   It poisons the flesh of those it strikes.
   It affects your intelligence (+2).
   It protects you from cold.
   It affects your resistance to hostile enchantments.
   It may corrode you when you take damage.
Armour
 b - a +0 robe
 c - a +3 leather armour of fire resistance
 h - the +2 robe of Koubben (worn) {rF+++}
   (You found it on level 5 of the Dungeon)

   It renders you almost immune to fire.
 i - a scarf of cloud immunity (worn)
 s - a +2 pair of gloves (worn)
 A - a +0 pair of boots (worn)
Jewellery
 d - an uncursed ring of ice
 k - a ring of stealth (right hand)
 r - a +3 ring of dexterity (left hand)
 v - an amulet of magic regeneration (around neck)
 w - a cursed -3 ring of evasion
 G - an uncursed ring of flight
Wands
 p - a wand of polymorph (11)
 u - a wand of enslavement (9)
 H - a wand of random effects (14)
 I - a wand of paralysis (3)
Scrolls
 e - 5 scrolls of teleportation
 f - 3 scrolls of magic mapping
 t - a scroll of amnesia {unknown}
 y - 3 scrolls of remove curse
 z - a scroll of noise {unknown}
 C - a scroll of immolation {unknown}
 E - a scroll of random uselessness {unknown}
 F - 2 scrolls of fear {unknown}
 L - a scroll of summoning {unknown}
 M - a scroll of torment {unknown}
Potions
 g - a potion of invisibility
 j - 2 potions of curing {unknown}
 l - 2 potions of flight
 m - 2 potions of lignification
 o - a potion of agility
 x - 4 potions of degeneration {unknown}
 B - a potion of ambrosia {unknown}
 J - a potion of might {unknown}
 N - a potion of brilliance {unknown}


   Skills:
 + Level 7.7 Fighting
 - Level 1.1 Short Blades
 * Level 12.9 Dodging
 - Level 9.3 Stealth
 - Level 4.8 Spellcasting
 - Level 11.3 Hexes


You had 10 spell levels left.
You knew the following spells:

 Your Spells              Type           Power        Failure   Level  Hunger
a - Corona                Hex            ######.      1%          1    N/A
b - Ensorcelled Hibernat  Hex/Ice        ####..       1%          2    N/A
c - Tukima's Dance        Hex            ######..     1%          3    N/A
d - Confusing Touch       Hex            ######..     1%          3    N/A

Your spell library contained the following spells:

 Spells                   Type           Power        Failure   Level  Hunger
 Dazzling Flash           Conj/Hex       ####..       3%          3    N/A
 Sandblast                Erth           #.....       11%         1    N/A
 Passwall                 Tmut/Erth      #.......     16%         2    N/A
 Stone Arrow              Conj/Erth      #.....       30%         3    N/A
 Petrify                  Tmut/Erth      #.......     71%         4    N/A
 Lee's Rapid Deconstruct  Erth           #.........   96%         5    N/A

Dungeon Overview and Level Annotations

Branches:
Dungeon (10/15)            Temple (1/1) D:7             Orc (1/2) D:9
   Lair: D:8-11

Altars:
Ashenzari
Gozag
Hepliaklqana
Nemelex Xobeh
Sif Muna
Uskayaw
Vehumet
Wu Jian
Yredelemnul
Zin

Shops:
D:8 (   D:9 }


Innate Abilities, Weirdness & Mutations

You do not eat.
You do not regenerate when monsters are visible.
You are frail without blood (-20% HP).
You can heal yourself when you bite living creatures.
You are immune to poison.
You have razor-sharp teeth.
You have supernaturally acute eyesight. (SInv)
You can survive without breathing.


Message History

The death yak gores you!!
The yak bellows!
You hit the death yak.
The death yak is almost dead.
You hear a bellow!
The death yak misses you. The death yak gores you!
* * * LOW HITPOINT WARNING * * *
You hear a bellow!
The death yak gores you!
* * * LOW HITPOINT WARNING * * *
Unknown command.
Okay, then.
Okay, then.
You kill the death yak!
There is an open door here.
You barely miss the yak. The yak gores you.
* * * LOW HITPOINT WARNING * * *
You barely miss the yak. You bite the yak, but do no damage. The yak gores you!
You die...
Your body crumbles into a pile of gold.

##########################
#.....#....^.............#
#.....#..................#
#.....#>.....(...........#
#..##########............#
#..#.%'...%%#............#
#..#))#.....#............#
#))#+###'''##..@.........#
#).#.≈P.....###Y#####...##
#..#P≈≈.%%.%###..###############
#..#≈≈P..P..#.#.YY..#.........Y.
#..#P≈......#.#.....#....#######
#..#PP≈.≈.≈.#.#.....#<...#
#..#####)####.'.....#..Y.#
#......#.#'#####$..##...##
#......#.)...###...##...##


You could see 3 yaks.

Vanquished Creatures
  A hydra (D:10)
  A two-headed ogre (D:8)
  3 death yaks (D:10)
  An unseen horror (D:10)
  Grinder (D:5)
  2 dream sheep (D:10)
  A hippogriff (D:8)
  Sigmund (D:4)
  A wyvern (D:9)
  6 yaks (D:10)
  A hungry ghost (D:8)
  Menkaure (D:4)
  Duvessa (D:4)
  An ice beast (D:6)
  4 orc warriors (D:9)
  A phantom (D:8)
  2 sky beasts (D:8)
  2 centaurs
  6 ogres
  A crocodile (D:9)
  4 big kobolds (D:10)
  4 bullfrogs
  2 wyvern zombies (D:10)
  3 scorpions
  Dowan (D:4)
  2 electric eels (D:9)
  2 bullfrog zombies
  3 crimson imps
  3 hounds
  3 jellies
  2 orc priests (D:10)
  3 centaur skeletons
  A bullfrog skeleton (D:9)
  13 orc wizards
  Terence (D:3)
  Natasha (thrice) (D:2)
  4 iguanas
  8 worker ants
  A hound zombie (D:6)
  A hound skeleton (D:8)
  2 worker ant zombies
  Robin (D:4)
  A howler monkey zombie (D:8)
  6 adders
  3 gnolls (D:6)
  An adder skeleton (D:9)
  2 worms
  3 dart slugs
  5 leopard geckos
  33 orcs
  6 giant cockroaches
  19 goblins
  10 hobgoblins
  19 jackals
  5 quokkas
  A ball python (D:1)
  5 bats
  3 frilled lizards
  12 kobolds
  A leopard gecko skeleton (D:7)
  A rat (D:3)
241 creatures vanquished.

Vanquished Creatures (collateral kills)
  5 orc priests
  2 orc wizards
  6 orcs
13 creatures vanquished.

Vanquished Creatures (others)
  5 dancing weapons
5 creatures vanquished.

Grand Total: 259 creatures vanquished

Notes
Turn   | Place    | Note
-------+----------+-------------------------------------------
     0 | D:1      | Nattfarinn the Vampire Enchanter began the quest for the
                  | Orb.
     0 | D:1      | Reached XP level 1. HP: 13/13 MP: 3/3
   179 | D:1      | Reached skill level 5 in Hexes
   196 | D:1      | Reached XP level 2. HP: 15/15 MP: 5/5
   206 | D:1      | Learned a level 2 spell: Ensorcelled Hibernation
   345 | D:1      | Reached skill level 5 in Stealth
   593 | D:2      | Reached XP level 3. HP: 19/19 MP: 6/6
   646 | D:2      | Noticed Natasha
   652 | D:2      | Killed Natasha
   695 | D:2      | Reached XP level 4. HP: 24/24 MP: 3/7
   820 | D:2      | Noticed Natasha
   846 | D:2      | Killed Natasha
   877 | D:2      | Noticed Natasha
   883 | D:2      | Killed Natasha
  1507 | D:2      | Reached XP level 5. HP: 22/28 MP: 8/8
  1646 | D:2      | Learned a level 3 spell: Tukima's Dance
  1905 | D:3      | Noticed Terence
  1954 | D:3      | Killed Terence
  2031 | D:3      | Reached XP level 6. HP: 32/32 MP: 10/10
  3237 | D:4      | Noticed Sigmund
  3245 | D:4      | Killed Sigmund
  3322 | D:4      | Reached XP level 7. HP: 36/36 MP: 12/12
  3399 | D:4      | Noticed Robin
  3543 | D:4      | Noticed Dowan
  3544 | D:4      | Noticed Duvessa
  3553 | D:4      | Killed Dowan
  3757 | D:4      | Killed Duvessa
  4205 | D:4      | Killed Robin
  4273 | D:5      | Entered Level 5 of the Dungeon
  4290 | D:5      | Got a distressingly furry robe
  4301 | D:5      | Identified the +2 robe of Koubben {rF+++} (You found it on
                  | level 5 of the Dungeon)
  4307 | D:5      | Noticed Menkaure
  4320 | D:4      | Learned a level 3 spell: Confusing Touch
  4327 | D:4      | HP: 1/36 [Menkaure (18)]
  4338 | D:4      | Killed Menkaure
  4338 | D:4      | Reached skill level 10 in Hexes
  4537 | D:5      | Reached XP level 8. HP: 41/41 MP: 6/14
  4616 | D:5      | Noticed Grinder
  4618 | D:5      | Killed Grinder
  4954 | D:6      | Reached skill level 3 in Dodging
  4981 | D:6      | Found a hide-covered altar of Uskayaw.
  4998 | D:6      | Reached skill level 1 in Fighting
  5142 | D:6      | Reached skill level 4 in Dodging
  5509 | D:7      | Found a staircase to the Ecumenical Temple.
  5538 | Temple   | Entered the Ecumenical Temple
  5561 | Temple   | Became a worshipper of Gozag Ym Sagoz the Greedy
  5735 | D:7      | Reached skill level 5 in Dodging
  5845 | D:7      | Reached XP level 9. HP: 49/49 MP: 16/16
  6657 | D:8      | Reached skill level 6 in Dodging
  6942 | D:8      | Reached skill level 7 in Dodging
  7109 | D:8      | Noticed a two-headed ogre
  7119 | D:8      | Killed a two-headed ogre
  7119 | D:8      | Reached skill level 8 in Dodging
  7195 | D:8      | Reached skill level 9 in Dodging
  7204 | D:8      | Reached skill level 5 in Fighting
  7617 | D:9      | Reached XP level 10. HP: 59/59 MP: 17/17
  7643 | D:9      | Found Peurghum's Gadget Shop.
  8471 | D:9      | Found a basalt altar of Yredelemnul.
  8605 | D:9      | Identified the cursed +0 ring mail of Amorality {rF+ rN+
                  | Dex+3}
  9055 | D:9      | Reached skill level 10 in Dodging
  9059 | D:9      | Found a staircase to the Orcish Mines.
  9249 | D:8      | Bought the +10 rapier of the Jolly Lies {venom, *Corrode
                  | rC+ MR+ Int+2} for 876 gold pieces
  9289 | D:10     | Entered Level 10 of the Dungeon
  9495 | D:10     | Noticed an unseen horror
  9501 | D:10     | Killed an unseen horror
  9554 | D:10     | Reached skill level 11 in Dodging
  9613 | D:10     | Noticed a death yak
  9656 | D:10     | Noticed a death yak
  9886 | Orc:1    | Entered Level 1 of the Orcish Mines
  9886 | Orc:1    | Noticed an orc knight
 10637 | D:10     | Noticed a three-headed hydra
 10655 | D:10     | Killed a three-headed hydra
 10655 | D:10     | Reached skill level 12 in Dodging
 10655 | D:10     | Reached XP level 11. HP: 21/67 MP: 15/18
 10960 | D:10     | Noticed a death yak
 11114 | D:10     | Killed a death yak
 11435 | D:10     | Killed a death yak
 11654 | D:10     | Upgraded the game from 0.25-a0-425-g0e000e855e to
                  | 0.25-a0-426-g7d9e569eea
 11853 | D:10     | HP: 1/67 [death yak (13)]
 11861 | D:10     | Killed a death yak
 11864 | D:10     | HP: 1/68 [yak (1)]
 11865 | D:10     | Mangled by a yak

Levels and vault maps discovered:
D:1:      nzn_arrival_depleted_hourglass, layout_rooms, glass_columns_a
D:2:      layout_loops_ring, uniq_natasha
D:3:      minmay_evil_eye, layout_loops_cross, minmay_goblin_outpost,
          uniq_terence
D:4:      layout_basic, uniq_duvessa, uniq_sigmund, uniq_robin
D:5:      layout_basic, first_ration, uniq_grinder, uniq_menkaure
D:6:      layout_cave_pools, eat_drink_and_be_merry_uskayaw
D:7:      layout_cave_pods, temple_pool_b
D:8:      minmay_polygon_palace, layout_cave_pools
D:9:      layout_roguey, erik_orc_2, serial_shops,
          nicolae_shop_competitors_out_of_business, basic_altar
D:10:     layout_gridville, dpeg_lair_monsters, hangedman_ranch
          [blue_anna_fruit_fields], nrook_loot_triangle
Temple:   compressed_dpeg_circular_temple
Orc:1:    layout_diamond_mine, basic_altar

Skill      XL: |  1  2  3  4  5  6  7  8  9 10 |
---------------+-------------------------------+-----
Hexes          | 5 6 7 9 10 11 | 11.3
Stealth        | 5 6 7 8 9 |  9.3
Spellcasting   | 3 4 |  4.8
Dodging        | 5 9 12 | 12.9
Fighting       | 2 5 7 |  7.7
Short Blades   | |  1.1

Action                   |  1- 3 |  4- 6 |  7- 9 | 10-12 || total
-------------------------+-------+-------+-------+-------++-------
Melee: Dagger            |    94 |   134 |   275 |    83 ||   586
       Bite              |     6 |    10 |    19 |    30 ||    65
       Rapier            |       |       |       |   168 ||   168
 Cast: Corona            |     3 |       |       |       ||     3
       Ensorcelled Hiber |     4 |    12 |    28 |    22 ||    66
       Tukima's Dance    |       |     5 |    11 |    16 ||    32
       Confusing Touch   |       |       |     3 |     5 ||     8
Invok: Call Merchant     |       |       |     1 |       ||     1
 Abil: Exsanguinate      |     1 |       |       |       ||     1
  Use: Scroll            |       |       |    16 |     4 ||    20
       Potion            |       |       |     1 |     5 ||     6
 Stab: Distracted        |     2 |       |     1 |     4 ||     7
       Sleeping          |    11 |    23 |    53 |    25 ||   112
       Confused          |       |       |     4 |     4 ||     8
Armor: Robe              |    10 |    23 |    44 |    23 ||   100
       Leather armour    |       |       |     7 |       ||     7
Dodge: Dodged            |    50 |    69 |   118 |   198 ||   435

Table legend:
 A = Non-vault XP
 B = Vault XP
 C = Vault XP percentage of total XP
 D = Non-vault monster count
 E = Vault monster count
 F = Vault count percentage of total count
                 A         B        C        D         E       F
            +---------+---------+-------+---------+---------+-------
      Total |    5784 |    8752 |  60.2 |     177 |      77 |  30.3
            +---------+---------+-------+---------+---------+-------
        D:1 |      38 |       0 |   0.0 |      21 |       0 |   0.0
        D:2 |     159 |      35 |  18.0 |      21 |       1 |   4.5
        D:3 |     152 |      56 |  26.9 |      12 |      10 |  45.5
        D:4 |     245 |     653 |  72.7 |      15 |      17 |  53.1
        D:5 |     357 |     277 |  43.7 |       8 |       1 |  11.1
        D:6 |     415 |       0 |   0.0 |      17 |       0 |   0.0
        D:7 |     433 |       0 |   0.0 |      10 |       0 |   0.0
        D:8 |     790 |    1839 |  70.0 |      21 |      13 |  38.2
        D:9 |    1000 |     502 |  33.4 |      17 |      21 |  55.3
       D:10 |    2195 |    5390 |  71.1 |      35 |      14 |  28.6
            +---------+---------+-------+---------+---------+-------
